 Seeded DCSS version 0.29.1-2-gbd0b4ee654 (webtiles) character file.

Game seed: 532233895244909119 (custom seed)

46 GigaChad the Trooper (level 3, -13/33 HPs)
             Began as a Minotaur Fighter on Nov 29, 2022.
             Mangled by Menkaure (15 damage)
             ... on level 4 of the Dungeon.
             The game lasted 00:02:39 (1274 turns).

GigaChad the Trooper (Minotaur Fighter)             Turns: 1274, Time: 00:02:39

Health: -13/33     AC:  8    Str: 24    XL:     3   Next: 44%
Magic:  2/2        EV:  9    Int:  5    God:
Gold:   57         SH:  6    Dex:  9    Spells: 2/2 levels left

rFire   . . .      SeeInvis .   a - +0 war axe
rCold   + + .      Faith    .   g - +2 buckler "Xetzafuwk" {-Cast Harm rC++ Str+2}
rNeg    . . .      Spirit   .   b - +0 scale mail
rPois   .          Reflect  .   (helmet restricted)
rElec   .          Harm     +   e - +0 cloak
rCorr   .          Rampage  .   (no gloves)
Will    .....      NoCast   +   (no boots)
Stlth   ..........              (no amulet)
HPRegen 0.11/turn               (no ring)
MPRegen 0.08/turn               (no ring)

@: no status effects
A: horns 2, retaliatory headbutt
a: no special abilities


You were on level 4 of the Dungeon.
You visited 1 branch of the dungeon, and saw 3 of its levels.

You collected 57 gold pieces.

Inventory:

Hand Weapons
 a - a +0 war axe (weapon)
Missiles
 n - 2 silver javelins (quivered)
Armour
 b - a +0 scale mail (worn)
 c - a +0 buckler
 e - a +0 cloak (worn)
 g - the +2 buckler "Xetzafuwk" (worn) {-Cast Harm rC++ Str+2}
   (You acquired it on level 1 of the Dungeon)

   Str:       It affects your strength (+2).
   rC:        It greatly protects you from cold.
   -Cast:     It prevents spellcasting.
   Harm:      It increases damage dealt and taken.
 o - a +0 cloak
Jewellery
 i - a ring of magical power
Scrolls
 j - a scroll of identify {unknown}
 k - a scroll of amnesia {unknown}
Potions
 d - a potion of might
 f - a potion of curing {unknown}
 h - a potion of haste {unknown}
 l - a potion of mutation {unknown}
 m - a potion of invisibility {unknown}


   Skills:
 + Level 4.2 Fighting
 + Level 3.2 Axes
 + Level 4.0 Armour
 - Level 0.1 Dodging
 + Level 4.1 Shields


You had 2 spell levels left.
You didn't know any spells.
Your spell library contained the following spells:

 Spells                   Type           Power      Damage    Failure   Level
 Chain Lightning          Conj/Air       0%         N/A       100%        9
 Fire Storm               Conj/Fire      0%         5d1       100%        9
 Shatter                  Erth           0%         3d5*      100%        9


Dungeon Overview and Level Annotations

Branches:
Dungeon (4/15)
 Temple: D:4-7

Altars:
Kikubaaqudgha
Wu Jian

Annotations:
D:4 Menkaure


Innate Abilities, Weirdness & Mutations

You have a pair of horns on your head.
You reflexively headbutt those who attack you in melee.


Message History

Why would you want to do that? Why would you want to do that?
Why would you want to do that? You block the goblin's attack.
You closely miss the goblin. The goblin hits you but does no damage.
You barely miss the goblin.
A goblin comes into view. It is wielding a +0 dagger.
The goblin barely misses you. The goblin hits you but does no damage.
The goblin moves out of view.
You slash the goblin!
You kill the goblin!
Found 2 silver javelins.
Things that are here:
a +0 club; a goblin corpse The goblin shouts!
You barely miss the goblin. The goblin hits you but does no damage.
You barely miss the goblin. The goblin hits you with a +0 dagger.
The goblin hits you but does no damage.
You closely miss the goblin. The goblin barely misses you.
You furiously retaliate!
You headbutt the goblin.
You kill the goblin!
You see here a +0 dagger.
You see here 2 silver javelins.
n - 2 silver javelins
Found a stone staircase leading up.
Found a cloak.
Found a dagger.
You see here a +0 cloak.
o - a +0 cloak You see here a +0 dagger.
Menkaure, Prince of Dust comes into view.
Menkaure is nearby!
Menkaure points at you and mumbles some strange words.
Pain shoots through your body! Menkaure hits you!
* * * LOW HITPOINT WARNING * * *
You barely miss Menkaure. Your headbutt misses Menkaure.
You block Menkaure's attack.
You barely miss Menkaure. Menkaure hits you!
You die...

#≈≈≈#≈.≈#≈≈≈#
#≈_......._≈#
#≈≈≈#≈.≈#≈≈≈#
≈#####≈.≈#####≈.
≈≈≈≈≈≈≈.≈≈≈≈≈≈≈#
#######...##### ##..#
..######## ##.#
......M@.# #)#
########.# #.# #)#
##.###### #.#
##........ #.#
##...).###. ###.#
#........# ##...#
#........#.
####...######...##...#.
+......................


You could see Menkaure.

Vanquished Creatures
  An adder (D:4)
  A dart slug (D:4)
  2 ball pythons (D:1)
  3 bats
  2 endoplasms (D:1)
  A giant cockroach (D:1)
  3 goblins
  5 hobgoblins (D:1)
  6 jackals
  2 kobolds (D:1)
  A quokka (D:2)
  2 frilled lizards (D:1)
  A rat (D:1)
30 creatures vanquished.

Vanquished Creatures (others)
  2 plants (D:1)
2 creatures vanquished.

Grand Total: 32 creatures vanquished

Notes
Turn   | Place    | Note
-------+----------+-------------------------------------------
     0 | D:1      | GigaChad the Minotaur Fighter began the quest for the Orb.
     0 | D:1      | Reached XP level 1. HP: 19/19 MP: 0/0
   199 | D:1      | Reached XP level 2. HP: 27/27 MP: 1/1
   932 | D:1      | Identified a scroll of acquirement
   932 | D:1      | Acquired the +2 buckler "Xetzafuwk" {-Cast Harm rC++ Str+2}
  1047 | D:2      | You fall into a shaft and drop 2 floors!
  1091 | D:4      | Reached XP level 3. HP: 29/33 MP: 2/2
  1204 | D:4      | Found an ornate altar of the Wu Jian Council.
  1204 | D:4      | Found an ancient bone altar of Kikubaaqudgha.
  1270 | D:4      | Noticed Menkaure
  1274 | D:4      | Mangled by Menkaure

Illustrated notes

Levels and vault maps discovered:
D:1:      ncdulo_watergridlock, layout_basic, serial_forest,
          infiniplex_forest_corner_1, infiniplex_forest_clump_cross,
          infiniplex_forest_lined_2, infiniplex_forest_diagonal,
          infiniplex_forest_clump_diagonal
D:2:      layout_rooms, serial_bayou_crossing, uniq_sigmund
D:4:      layout_loops_corners, yredelemnul_altar_generic,
          nicolae_overflow_two_pavilions, minmay_manual_maat, uniq_eustachio,
          uniq_menkaure, uniq_ijyb

Skill      XL: |  1  2  3 |
---------------+----------+-----
Fighting       | 4 |  4.2
Shields        | 4 |  4.1
Axes           | 3 |  3.2
Armour         | 4 |  4.0
Dodging        | |  0.1

Action                   || total
-------------------------++-------
Melee: War axe           ||    70
       Headbutt          ||     9
  Use: Scroll            ||     1
Armor: Scale mail        ||    36
Dodge: Dodged            ||    34
Block: Buckler           ||    24
